 Dungeon Crawl Stone Soup version 0.27-a0-412-g8dd771e (webtiles) character file.

Game seed: 6667397070036702713

99 MrTaco21 the Cudgeller (level 4, 0/28 HPs)
             Began as a Gargoyle Berserker on Feb 23, 2021.
             Was a Believer of Trog.
             Slain by a gnoll
             ... wielding a +0 club
              (2 damage)
             ... on level 2 of the Dungeon.
             The game lasted 00:02:18 (2885 turns).

MrTaco21 the Cudgeller (Gargoyle Berserker)         Turns: 2885, Time: 00:02:19

Health: 0/28       AC:  5    Str: 21    XL:     4   Next: 72%
Magic:  0/4        EV: 12    Int:  8    God:    Trog [**....]
Gold:   99         SH:  0    Dex:  9    Spells: 3/3 levels left

rFire    . . .     SeeInvis .   a - +0 mace
rCold    . . .     Faith    .   (no shield)
rNeg     + . .     Spirit   +   b - +0 animal skin
rPois    ∞         Reflect  .   (no helmet)
rElec    +         Harm     .   (no cloak)
rCorr    .         Rampage  .   (no gloves)
Will     .....                  (no boots)
Stlth    +.........             d - amulet of guardian spirit
HPRegen  0.09/turn              (no ring)
MPRegen  0.09/turn              (no ring)

@: no status effects
A: negative energy resistance 1, electricity resistance, unbreathing,
petrification resistance, miasma immunity, AC +3
a: Renounce Religion, Berserk, Trog's Hand


You were on level 2 of the Dungeon.
You worshipped Trog.
Trog was pleased with you.
You visited 1 branch of the dungeon, and saw 2 of its levels.

You collected 99 gold pieces.

Inventory:

Hand Weapons
 a - a +0 mace (weapon)
Armour
 b - a +0 animal skin (worn)
Jewellery
 d - an amulet of guardian spirit (around neck)
   (You found it on level 1 of the Dungeon)
Scrolls
 e - 2 scrolls of teleportation {unknown}
 f - 3 scrolls of identify {unknown}
 i - a scroll of fog {unknown}
 l - a scroll of magic mapping {unknown}
 m - a scroll of amnesia {unknown}
Potions
 c - a potion of cancellation {unknown}
 g - a potion of mutation {unknown}
 h - a potion of haste {unknown}
 j - a potion of magic {unknown}
 k - a potion of heal wounds {unknown}


   Skills:
 - Level 3.2 Fighting
 + Level 5.3 Maces & Flails
 - Level 2.1 Armour
 - Level 1.5 Dodging


You had 3 spell levels left.
You didn't know any spells.
Your spell library was empty.

Dungeon Overview and Level Annotations

Branches:
Dungeon (2/15)

Altars:
Okawaru


Innate Abilities, Weirdness & Mutations

You are resistant to torment.
Your stone body is resilient. (AC +3)
You are immune to poison.
You resist negative energy. (rN+)
You are resistant to electric shocks. (rElec)
You can survive without breathing.
You are immune to petrification.
You are immune to miasma.


Message History

The gnoll hits you from afar with a +0 spear.
The gnoll completely misses you.
You hit the gnoll but do no damage. The gnoll misses you. The gnoll hits you.
The gnoll hits you from afar with a +0 spear.
You barely miss the gnoll. The gnoll barely misses you.
The gnoll hits you but does no damage.
You hit the gnoll.
You kill the gnoll!
Trog accepts your kill. The gnoll barely misses you.
The gnoll barely misses you.
You hit the gnoll. The gnoll hits you with a +0 spear!
* * * LOW HITPOINT WARNING * * *
You closely miss the gnoll. The gnoll hits you with a +0 spear.
* * * LOW HITPOINT WARNING * * *
You hit the gnoll. The gnoll hits you but does no damage.
Unknown command.
You hit the gnoll.
You kill the gnoll!
Trog accepts your kill.
Items here: ) ††††.
Unknown command.
You start resting.
You start resting.
A gnoll comes into view. It is wielding a +0 club.
The gnoll shouts!
The gnoll misses you.
You hit the gnoll. The gnoll hits you but does no damage.
You sock the gnoll! The gnoll hits you with a +0 club.
You hit the gnoll. The gnoll hits you but does no damage.
You closely miss the gnoll. The gnoll hits you with a +0 club.
You barely miss the gnoll. The gnoll hits you with a +0 club.
You barely miss the gnoll. The gnoll hits you but does no damage.
You closely miss the gnoll. The gnoll hits you with a +0 club!
* * * LOW HITPOINT WARNING * * *
You closely miss the gnoll. The gnoll barely misses you.
Unknown command.
You closely miss the gnoll. The gnoll barely misses you.
Unknown command.
You hit the gnoll but do no damage. The gnoll hits you with a +0 club.
* * * LOW HITPOINT WARNING * * *
You barely miss the gnoll. The gnoll hits you with a +0 club.
* * * LOW HITPOINT WARNING * * *
Unknown command.
You barely miss the gnoll. The gnoll barely misses you.
You hit the gnoll but do no damage. The gnoll closely misses you.
Unknown command.
You barely miss the gnoll. The gnoll barely misses you.
You completely miss the gnoll. The gnoll hits you with a +0 club.
You die...

######## #
.################.)....#########
..................##...##.......
.............g@..#8.).8#.......
###...........####...#########
#...........####...# #
####...##........##...## #
#......8#........#8...8# #
#.##...##..########...#### ####
# #....##..#8###8##...##8###8#.
#.#..##.................(....
......8#...........⌠..........


You could see a gnoll.

Vanquished Creatures
  2 gnolls (D:2)
  2 adders (D:2)
  2 worms (D:2)
  3 dart slugs (D:2)
  A leopard gecko (D:1)
  2 ball pythons
  4 giant cockroaches
  6 goblins
  5 hobgoblins
  8 jackals
  3 kobolds (D:1)
  A bat (D:2)
  3 frilled lizards
  4 rats
46 creatures vanquished.

Notes
Turn   | Place    | Note
-------+----------+-------------------------------------------
     0 | D:1      | MrTaco21 the Gargoyle Berserker began the quest for the
                  | Orb.
     0 | D:1      | Reached XP level 1. HP: 14/14 MP: 1/1
   167 | D:1      | Reached XP level 2. HP: 10/19 MP: 2/2
   823 | D:1      | Reached skill level 4 in Maces & Flails
  1016 | D:1      | Reached XP level 3. HP: 23/23 MP: 3/3
  1818 | D:2      | Reached ** piety under Trog
  2067 | D:2      | Reached XP level 4. HP: 12/28 MP: 1/4
  2421 | D:2      | Found an iron altar of Okawaru.
  2518 | D:2      | Reached skill level 5 in Maces & Flails
  2881 | D:2      | HP: 1/28 [gnoll/+0 club (3)]
  2885 | D:2      | Slain by a gnoll

Illustrated notes

Levels and vault maps discovered:
D:1:      minmay_arrival_jagged, layout_basic
D:2:      layout_basic, serial_corexii_hall, chequers_hall_statues_wall_a,
          chequers_hall_statues_corner_a, corexii_hall_statues_u,
          corexii_hall_statues_u, corexii_hall_statues_x,
          corexii_hall_statues_t, okawaru_trees_1

Skill      XL: |  1  2  3  4 |
---------------+-------------+-----
Maces & Flails | 4 5 |  5.3
Fighting       | |  3.2
Armour         | |  2.1
Dodging        | |  1.5

Action                   |  1- 3 |  4- 6 || total
-------------------------+-------+-------++-------
Melee: Mace              |   112 |    74 ||   186
Armor: Animal skin       |    38 |    20 ||    58
Dodge: Dodged            |    83 |    55 ||   138

Table legend: (Time is in decaauts)
 A = Elapsed time spent in this place.
 B = Non-inter-level travel time spent in this place.
 C = Inter-level travel time spent in this place.
 D = Time resting spent in this place.
 E = Time spent auto-exploring this place.
 F = Levels seen in this place.
 G = Mean time per level.
                   A        B        C        D        E       F      G
               +--------+--------+--------+--------+--------+-----+--------+
         Total |   2918 |   2870 |     48 |    878 |   1574 |   2 | 1459.0 |
       Dungeon |   2918 |   2870 |     48 |    878 |   1574 |   2 | 1459.0 |
               +--------+--------+--------+--------+--------+-----+--------+

Top non-repeatable levels by time:
     D:1: 1828 daAuts
     D:2: 1090 daAuts
